TOP OF THE 1ST |
Savannah Hogs batting - Pitching for Athens Assassins : RHP Larry Johnston
|
Pitching: RHP Larry Johnston
|
|
Batting: LHB Marv Alexander
|
0-0: Foul Ball, location: 2F 0-1: Ground out 6-3 (Groundball, 6M)
|
Batting: LHB Jim Clemente
|
0-0: Ball 1-0: Called Strike 1-1: Ball 2-1: Foul Ball, location: 2F 2-2: Foul Ball, location: 2F 2-2: Ball 3-2: Base on Balls
|
Batting: RHB Sergio Moreno
|
0-0: Ball 1-0: Called Strike 1-1: Fly out, F8 (Flyball, 89M)
|
Batting: RHB Remi Eruzione
|
0-0: Ball 1-0: Ball 2-0: Called Strike 2-1: Fly out, F7 (Flyball, 78XD)
|
Top of the 1st over - 0 run(s), 0 hit(s), 0 error(s), 1 left on base; Savannah 0 - Athens 0 |
BOTTOM OF THE 1ST |
Athens Assassins batting - Pitching for Savannah Hogs : LHP Nathan Armstrong
|
Pitching: LHP Nathan Armstrong
|
|
Batting: SHB Félix Montoya
|
0-0: Fly out, F8 (Flyball, 8RS)
|
Batting: RHB Alexander Barr
|
0-0: SINGLE (Flyball, 8RS)
|
Batting: RHB Roderick Silva
|
0-0: Called Strike 0-1: Called Strike 0-2: Ball 1-2: Ball 2-2: Ball 3-2: Foul Ball, location: 2F 3-2: Fly out, F2 (Popup, P)
|
Batting: RHB Foster Hapgood
|
0-0: Ball 1-0: Fly out, F8 (Line Drive, 8RM)
|
Bottom of the 1st over - 0 run(s), 1 hit(s), 0 error(s), 1 left on base; Savannah 0 - Athens 0 |
TOP OF THE 2ND |
Savannah Hogs batting - Pitching for Athens Assassins : RHP Larry Johnston
|
Batting: LHB Pedro Medine
|
0-0: Foul Ball, location: 2F 0-1: Foul Ball, location: 2F 0-2: Ball 1-2: Ball 2-2: Ball 3-2: Base on Balls
|
Batting: LHB Ivan Costello
|
0-0: Ball 1-0: Ball 2-0: Fly out, F6 (Popup, 56)
|
Batting: RHB Anastasio Movonda
|
0-0: Ball 1-0: Called Strike 1-1: Ball 2-1: Foul Ball, location: 2F 2-2: Strikes out looking
|
Batting: RHB Ignacio Rangel
|
0-0: Ball 1-0: Called Strike 1-1: Ball 2-1: Called Strike 2-2: Ball 3-2: Base on Balls Pedro Medine to second
|
Batting: RHB Ernesto Gómez
|
0-0: Called Strike 0-1: Fly out, F3 (Popup, 3S)
|
Top of the 2nd over - 0 run(s), 0 hit(s), 0 error(s), 2 left on base; Savannah 0 - Athens 0 |
BOTTOM OF THE 2ND |
Athens Assassins batting - Pitching for Savannah Hogs : LHP Nathan Armstrong
|
Batting: RHB Luis Méndez
|
0-0: Called Strike 0-1: Ball 1-1: Foul Ball, location: 2F 1-2: Ball 2-2: Foul Ball, location: 2F 2-2: Reached on error, E9 (Flyball, 9)
|
Batting: LHB Xavier Smith
|
0-0: Ball 1-0: Fielders Choice at 2nd, 1-6 (Groundball, 13S)
|
Batting: LHB George Flanagan
|
0-0: Ball 1-0: DOUBLE (Line Drive, 9LM) Xavier Smith to third
|
Batting: LHB Luis Vázquez
|
0-0: Called Strike 0-1: Ground out 6-3 (Groundball, 6) Xavier Smith scores
|
Batting: RHB Jorge Loanos
|
0-0: Called Strike 0-1: Called Strike 0-2: Ball 1-2: Ball 2-2: Ball 3-2: Foul Ball, location: 2F 3-2: Base on Balls
|
Batting: SHB Félix Montoya
|
0-0: Called Strike 0-1: Ball 1-1: Ball 2-1: Called Strike 2-2: Strikes out looking
|
Bottom of the 2nd over - 1 run(s), 1 hit(s), 1 error(s), 2 left on base; Savannah 0 - Athens 1 |
TOP OF THE 3RD |
Savannah Hogs batting - Pitching for Athens Assassins : RHP Larry Johnston
|
Batting: LHB Marv Alexander
|
0-0: Ball 1-0: Ball 2-0: DOUBLE (Line Drive, 8RM)
|
Batting: LHB Jim Clemente
|
0-0: Called Strike 0-1: Ball 1-1: Called Strike 1-2: Ball 2-2: Fly out, F9 (Flyball, 9)
|
Batting: RHB Sergio Moreno
|
0-0: Foul Ball, location: 2F 0-1: Foul Ball, location: 2F 0-2: Strikes out swinging
|
Batting: RHB Remi Eruzione
|
0-0: Swinging Strike 0-1: Called Strike 0-2: Ball 1-2: Strikes out swinging
|
Top of the 3rd over - 0 run(s), 1 hit(s), 0 error(s), 1 left on base; Savannah 0 - Athens 1 |
BOTTOM OF THE 3RD |
Athens Assassins batting - Pitching for Savannah Hogs : LHP Nathan Armstrong
|
Batting: RHB Alexander Barr
|
0-0: Ball 1-0: Called Strike 1-1: Ball 2-1: Ground out 5-3 (Groundball, 56)
|
Batting: RHB Roderick Silva
|
0-0: Ball 1-0: Ball 2-0: Ball 3-0: Base on Balls
|
Batting: RHB Foster Hapgood
|
0-0: Ball 1-0: Ball 2-0: Ground out 4-3 (Groundball, 4S) Roderick Silva to second
|
Batting: RHB Luis Méndez
|
0-0: Ball 1-0: Called Strike 1-1: Ball 2-1: Called Strike 2-2: Ball 3-2: Base on Balls
|
Batting: LHB Xavier Smith
|
0-0: Ball 1-0: Ball 2-0: Ball 3-0: Base on Balls Roderick Silva to third Luis Méndez to second
|
Batting: LHB George Flanagan
|
0-0: Ball 1-0: Foul Ball, location: 2F 1-1: Ball 2-1: Ball 3-1: Foul Ball, location: 2F 3-2: Foul Ball, location: 2F 3-2: Base on Balls Roderick Silva scores Luis Méndez to third Xavier Smith to second
|
Batting: LHB Luis Vázquez
|
0-0: Foul Ball, location: 2F 0-1: Foul Ball, location: 2F 0-2: Strikes out swinging
|
Bottom of the 3rd over - 1 run(s), 0 hit(s), 0 error(s), 3 left on base; Savannah 0 - Athens 2 |
TOP OF THE 4TH |
Savannah Hogs batting - Pitching for Athens Assassins : RHP Larry Johnston
|
Batting: LHB Pedro Medine
|
0-0: Foul Ball, location: 2F 0-1: Ground out 4-3 (Groundball, 4)
|
Batting: LHB Ivan Costello
|
0-0: Ball 1-0: Called Strike 1-1: Ball 2-1: Ground out U3 (Groundball, 34)
|
Batting: RHB Anastasio Movonda
|
0-0: Ball 1-0: Ball 2-0: Foul Ball, location: 2F 2-1: Ball 3-1: SOLO HOME RUN (Flyball, 7D), Distance : 347 ft
|
Batting: RHB Ignacio Rangel
|
0-0: SINGLE (Groundball, 25) (infield hit)
|
Batting: RHB Ernesto Gómez
|
0-0: Foul Ball, location: 2F 0-1: Called Strike Ignacio Rangel is caught stealing 2nd base
|
Top of the 4th over - 1 run(s), 2 hit(s), 0 error(s), 0 left on base; Savannah 1 - Athens 2 |
BOTTOM OF THE 4TH |
Athens Assassins batting - Pitching for Savannah Hogs : LHP Nathan Armstrong
|
Batting: RHB Jorge Loanos
|
0-0: Called Strike 0-1: Swinging Strike 0-2: Ball 1-2: Ground out 5-3 (Groundball, 56S)
|
Batting: SHB Félix Montoya
|
0-0: SINGLE (Groundball, 25) (infield hit)
|
Batting: RHB Alexander Barr
|
0-0: Ball 1-0: Called Strike 1-1: Foul Ball, location: 2F 1-2: Ball 2-2: Foul Ball, location: 2F 2-2: Foul Ball, location: 2F 2-2: Ball 3-2: Fly out, F8 (Flyball, 8LM)
|
Batting: RHB Roderick Silva
|
0-0: Ball 1-0: Fly out, F8 (Flyball, 8RM)
|
Bottom of the 4th over - 0 run(s), 1 hit(s), 0 error(s), 1 left on base; Savannah 1 - Athens 2 |
TOP OF THE 5TH |
Savannah Hogs batting - Pitching for Athens Assassins : RHP Larry Johnston
|
Batting: RHB Ernesto Gómez
|
0-0: Called Strike 0-1: Ground out 5-3 (Groundball, 56)
|
Batting: LHB Marv Alexander
|
0-0: Ball 1-0: Ball 2-0: Called Strike 2-1: Called Strike 2-2: Foul Ball, location: 2F 2-2: SINGLE (Groundball, 6D)
|
Batting: LHB Jim Clemente
|
0-0: Ball 1-0: Foul Ball, location: 2F 1-1: Ball Marv Alexander steals 2nd base 2-1: Called Strike Marv Alexander steals 3rd base 2-2: Ground out U3 (Groundball, 3)
|
Batting: RHB Sergio Moreno
|
0-0: Ball 1-0: Foul Ball, location: 2F 1-1: Foul Ball, location: 2F 1-2: Foul Ball, location: 2F 1-2: Ball 2-2: Ground out 3-1 (Groundball, 34S)
|
Top of the 5th over - 0 run(s), 1 hit(s), 0 error(s), 1 left on base; Savannah 1 - Athens 2 |
BOTTOM OF THE 5TH |
Athens Assassins batting - Pitching for Savannah Hogs : LHP Nathan Armstrong
|
Batting: RHB Foster Hapgood
|
0-0: Called Strike 0-1: Foul Ball, location: 2F 0-2: Foul Ball, location: 2F 0-2: Ball 1-2: Ball 2-2: Foul Ball, location: 2F 2-2: Foul Ball, location: 2F 2-2: SINGLE (Line Drive, 4MD)
|
Pitching: LHP Roberto Barrón
|
|
Batting: RHB Luis Méndez
|
0-0: Called Strike 0-1: Ball 1-1: Ball 2-1: Ball 3-1: Grounds into double play, 4-6-3 (Groundball, 4)
|
Batting: LHB Xavier Smith
|
0-0: Called Strike 0-1: Ball 1-1: Swinging Strike 1-2: Foul Ball, location: 2F 1-2: Ball 2-2: Strikes out swinging
|
Bottom of the 5th over - 0 run(s), 1 hit(s), 0 error(s), 0 left on base; Savannah 1 - Athens 2 |
TOP OF THE 6TH |
Savannah Hogs batting - Pitching for Athens Assassins : RHP Larry Johnston
|
Pitching: LHP Ben Newman
|
|
Batting: RHB Remi Eruzione
|
0-0: Swinging Strike 0-1: Called Strike 0-2: Foul Ball, location: 2F 0-2: SINGLE (Line Drive, 34D)
|
Batting: LHB Pedro Medine
|
0-0: Fly out, F7 (Flyball, 78S)
|
Batting: LHB Ivan Costello
|
0-0: Ball Remi Eruzione is caught stealing 2nd base 1-0: Ball 2-0: SINGLE (Groundball, 6MD)
|
Batting: RHB Anastasio Movonda
|
0-0: Ball 1-0: Swinging Strike 1-1: Ball 2-1: Fielders Choice at 2nd, 4-6 (Groundball, 4)
|
Top of the 6th over - 0 run(s), 2 hit(s), 0 error(s), 0 left on base; Savannah 1 - Athens 2 |
BOTTOM OF THE 6TH |
Athens Assassins batting - Pitching for Savannah Hogs : LHP Roberto Barrón
|
Batting: LHB George Flanagan
|
0-0: Called Strike 0-1: Called Strike 0-2: Ball 1-2: Strikes out swinging
|
Batting: LHB Luis Vázquez
|
0-0: Ball 1-0: Swinging Strike 1-1: Swinging Strike 1-2: Foul Ball, location: 2F 1-2: Foul Ball, location: 2F 1-2: Foul Ball, location: 2F 1-2: Foul Ball, location: 2F 1-2: Ball 2-2: Ball 3-2: Base on Balls
|
Batting: RHB Jorge Loanos
|
0-0: Ball 1-0: Reached on error, E5 (Groundball, 5) Luis Vázquez to second
|
Batting: SHB Félix Montoya
|
0-0: Called Strike Luis Vázquez steals 3rd base Jorge Loanos to second 0-1: Ball 1-1: Ball 2-1: Foul Ball, location: 2F 2-2: Ball 3-2: Strikes out swinging
|
Batting: RHB Alexander Barr
|
0-0: Ground out 6-3 (Groundball, 6)
|
Bottom of the 6th over - 0 run(s), 0 hit(s), 1 error(s), 2 left on base; Savannah 1 - Athens 2 |
TOP OF THE 7TH |
Savannah Hogs batting - Pitching for Athens Assassins : LHP Ben Newman
|
Batting: RHB Ignacio Rangel
|
0-0: Ball 1-0: SINGLE (Line Drive, 89M)
|
Pinch Hitting: LHB Manny Hernández
|
0-0: Ball 1-0: Bunted foul 1-1: Ball 2-1: Ball 3-1: Bunted foul 3-2: Fly out, F3 (Line Drive, 3L)
|
Batting: LHB Marv Alexander
|
0-0: Foul Ball, location: 2F 0-1: SINGLE (Groundball, 4MD) Ignacio Rangel to second
|
Pinch Hitting: RHB Javier Músquez
|
0-0: Foul Ball, location: 2F 0-1: Hit by Pitch Ignacio Rangel to third Marv Alexander to second
|
Batting: RHB Sergio Moreno
|
0-0: Foul Ball, location: 2F 0-1: Foul Ball, location: 2F 0-2: Ball 1-2: Fly out, F9 (Flyball, 9) Runner from 3rd tags up, SCORES, no throw
|
Batting: RHB Remi Eruzione
|
0-0: Called Strike 0-1: Ball 1-1: Foul Ball, location: 2F 1-2: Ball 2-2: Strikes out swinging
|
Top of the 7th over - 1 run(s), 2 hit(s), 0 error(s), 2 left on base; Savannah 2 - Athens 2 |
BOTTOM OF THE 7TH |
Athens Assassins batting - Pitching for Savannah Hogs : LHP Roberto Barrón
|
Now in LF: Javier Músquez
|
|
Now in RF: Manny Hernández
|
|
Batting: RHB Roderick Silva
|
0-0: Called Strike 0-1: Ball 1-1: Ball 2-1: Called Strike 2-2: Ball 3-2: Foul Ball, location: 2F 3-2: Base on Balls
|
Batting: RHB Foster Hapgood
|
0-0: Ball 1-0: Called Strike 1-1: Ball 2-1: Foul Ball, location: 2F 2-2: Ball 3-2: Foul Ball, location: 2F 3-2: SINGLE (Groundball, 6) (infield hit) Roderick Silva to second
|
Pinch Runner at 2nd Miguel García:
|
|
Batting: RHB Luis Méndez
|
0-0: Called Strike Miguel García steals 3rd base Foster Hapgood to second 0-1: Foul Ball, location: 2F 0-2: Foul Ball, location: 2F 0-2: SINGLE (Groundball, 56D) Miguel García scores Foster Hapgood to third
|
Pinch Hitting: RHB Brady McIntyre
|
0-0: Ball
|
|
|
|
1-0: Foul Ball, location: 2F 1-1: Ball 2-1: Fly out, F9 (Flyball, 9S)
|
Pitching: LHP Miguel Valentín
|
|
Pinch Hitting: RHB Gunner Allen
|
0-0: Called Strike 0-1: Ball 1-1: Foul Ball, location: 2F 1-2: Fly out, F7 (Line Drive, 7S)
|
Batting: LHB Luis Vázquez
|
0-0: Foul Ball, location: 2F 0-1: Fly out, F8 (Flyball, 8LM)
|
Bottom of the 7th over - 1 run(s), 2 hit(s), 0 error(s), 2 left on base; Savannah 2 - Athens 3 |
TOP OF THE 8TH |
Savannah Hogs batting - Pitching for Athens Assassins : LHP Ben Newman
|
Pitching: LHP Desi Wells
|
|
Now at 1B: Emílio García
|
|
Now at 2B: Miguel García
|
|
Now in LF: Gunner Allen
|
|
Batting: LHB Pedro Medine
|
0-0: Fly out, F7 (Line Drive, 7)
|
Batting: LHB Ivan Costello
|
0-0: Foul Ball, location: 2F 0-1: Ball 1-1: Swinging Strike 1-2: Foul Ball, location: 2F 1-2: Foul Ball, location: 2F 1-2: SINGLE (Groundball, 34D)
|
Pitching: RHP Kieron Lahyani
|
|
Pinch Hitting: LHB Juan Delgado
|
0-0: Fielders Choice at 2nd, 3-6 (Groundball, 34)
|
Batting: RHB Ignacio Rangel
|
0-0: Swinging Strike 0-1: Swinging Strike 0-2: Ball 1-2: Strikes out swinging
|
Top of the 8th over - 0 run(s), 1 hit(s), 0 error(s), 1 left on base; Savannah 2 - Athens 3 |
BOTTOM OF THE 8TH |
Athens Assassins batting - Pitching for Savannah Hogs : LHP Miguel Valentín
|
Now at 2B: Henry Dawson
|
|
Batting: RHB Jorge Loanos
|
0-0: Swinging Strike 0-1: Ground out 6-3 (Groundball, 6D)
|
Batting: SHB Félix Montoya
|
0-0: Fly out, F9 (Flyball, 9S)
|
Batting: RHB Alexander Barr
|
0-0: Swinging Strike 0-1: Ball 1-1: Ball 2-1: Foul Ball, location: 2F 2-2: Foul Ball, location: 2F 2-2: Strikes out swinging
|
Bottom of the 8th over - 0 run(s), 0 hit(s), 0 error(s), 0 left on base; Savannah 2 - Athens 3 |
TOP OF THE 9TH |
Savannah Hogs batting - Pitching for Athens Assassins : RHP Kieron Lahyani
|
Pitching: RHP Jimmy Banks
|
|
Batting: LHB Manny Hernández
|
0-0: Called Strike 0-1: Foul Ball, location: 2F 0-2: Ball 1-2: Strikes out swinging
|
Pinch Hitting: RHB Júlio Peña
|
0-0: Called Strike 0-1: Foul Ball, location: 2F 0-2: Strikes out swinging
|
Pinch Hitting: LHB Larry Smith
|
0-0: Ball 1-0: Foul Ball, location: 2F 1-1: Ground out 6-3 (Groundball, 6)
|
Top of the 9th over - 0 run(s), 0 hit(s), 0 error(s), 0 left on base; Savannah 2 - Athens 3 |
|
Thursday, March 30th, 2017 - OOTP Baseball 17.12 Build 75
|
|